Map: Ulzaan

Players

Escher

  • Race: Zerg Zerg
  • League: Platinum
  • Spawn Location: 3:00

Iyzoi

  • Race: Protoss Protoss
  • League: Platinum
  • Spawn Location: 1:00

OpuS - Winner!

  • Race: Protoss Protoss
  • League: Platinum
  • Spawn Location: 11:00

Sketchaphone - Winner!

  • Race: Zerg Zerg
  • League: Platinum
  • Spawn Location: 9:00

VOD

Have the link to the VOD?

Description

Time

  • Played on: Feb. 9, 2019, 4:59 p.m.
  • Length: 17:21
Show
View Real Time Build Order
Export as new Build Order

Escher Zerg 

Build Orders: Hatch First 

Get SALT Encoding   

  12  0:01  Drone  
  13  0:08  Drone  
  14  0:18  Overlord  
  14  0:36  Drone x3  
  17  1:01  Extractor  
  17  1:02  Hatchery  
  15  1:16  Spawning Pool  
  14  1:48  Drone x2  
  14  1:49  Drone  
  17  2:02  Zergling x2  
  17  2:03  Queen  
  20  2:11  Metabolic Boost  
  20  2:31  Queen  
  22  2:48  Drone x2  
  22  2:49  Drone x4  
  28  3:11  Overlord x2  
  28  3:25  Lair  
  28  3:28  Hatchery  
  28  3:32  Drone x2, Extractor x2  
  27  3:43  Drone x3  
  30  3:55  Zergling x6  
  33  3:56  Zergling x4  
  35  4:05  Zergling x6  
  38  4:20  Spore Crawler  
  37  4:24  Spore Crawler  
  37  4:30  Hydralisk Den  
  35  4:37  Drone x2  
  35  4:38  Baneling Nest, Drone x2  
  38  4:41  Drone  
  38  4:44  Drone  
  40  4:55  Queen  
  40  4:59  Drone  
  42  5:17  Zergling x2  
  42  5:18  Zergling x12  
  49  5:29  Grooved Spines  
  49  5:30  Overlord  
  49  5:32  Overlord  
  49  5:49  Overlord x3  
  49  5:51  Drone x2  
  49  5:55  Drone  
  49  5:56  Drone  
  53  5:59  Drone  
  53  6:01  Drone  
  55  6:06  Hydralisk  
  57  6:15  Drone x2  
  57  6:16  Drone  
  57  6:17  Drone  
  57  6:18  Drone  
  62  6:22  Drone  
  62  6:23  Drone  
  62  6:24  Drone  
  65  6:26  Drone  
  65  6:28  Drone  
  65  6:30  Drone  
  65  6:32  Drone  
  69  6:37  Centrifical Hooks  
  68  7:04  Zergling x2  
  68  7:05  Zergling x6  
  43  7:41  Hydralisk  
  43  7:42  Hydralisk x10  
  60  7:51  Drone x3  
  46  8:14  Hydralisk x7  
  56  8:21  Queen  
  54  8:27  Queen  
  56  8:43  Muscular Augments  
  56  8:44  Queen  
  58  9:03  Queen  
  58  9:15  Drone x7  
  58  9:16  Drone  
  66  9:19  Overlord x2  
  66  9:34  Overlord  
  66  9:37  Overlord  
  66  9:49  Drone x5  
  66  9:50  Drone x2  
  66  9:52  Drone  
  74  9:55  Drone  
  75  10:03  Evolution Chamber  
  74  10:22  Drone x6  
  74  10:23  Drone x6  
  86  10:36  Overlord x2  
  86  10:37  Overlord  
  86  10:41  Zerg Ground Armor Level 1  
  86  10:46  Evolution Chamber  
  86  10:47  Drone  
  86  10:52  Extractor  
  86  10:53  Extractor  
  84  11:09  Zergling x2  
  84  11:10  Zergling x16  
  93  11:18  Hydralisk x3  
  93  11:19  Hydralisk x4  
  77  11:45  Queen, Roach Warren  
  78  11:58  Zergling x24  
  90  12:06  Zerg Missile Weapons Level 1  
  90  12:13  Overseer  
  47  12:46  Infestation Pit, Drone  
  47  12:47  Drone x12  
  47  12:49  Drone  
  47  12:50  Drone  
  61  13:08  Glial Reconstitution  
  61  13:09  Zerg Ground Armor Level 2  
  61  13:15  Drone x4  
  65  13:30  Hatchery  
  64  13:51  Baneling x7  
  64  13:52  Baneling x14  
  64  13:57  Drone x11  
  64  14:00  Drone x2  
  71  14:36  Zergling x18  
  71  14:37  Zergling x14  
  83  14:45  Extractor  
  82  14:47  Extractor  
  82  14:50  Hive  
  82  14:51  Zerg Missile Weapons Level 2  
  81  14:53  Roach  
  81  14:54  Roach x5  
  81  14:55  Roach  
  85  15:12  Hydralisk  
  85  15:13  Hydralisk x4  
  82  15:48  Hydralisk  
  82  15:49  Hydralisk x7  
  95  15:51  Overlord x2  
  95  15:52  Overlord x5  
  67  16:30  Overseer x2  
  65  16:36  Hydralisk  
  65  16:37  Hydralisk x12  
  65  16:38  Overlord  
Show
View Real Time Build Order
Export as new Build Order

Iyzoi Protoss 

Build Orders:  

Get SALT Encoding   

  12  0:01  Probe  
  13  0:13  Probe  
  14  0:18  Pylon  
  14  0:25  Probe  
  15  0:33  Probe  
  15  0:41  Probe, Gateway  
  17  0:51  Probe  
  17  0:55  Assimilator  
  18  1:03  Probe  
  19  1:15  Probe  
  19  1:18  Assimilator  
  20  1:28  Cybernetics Core  
  20  1:35  Probe  
  20  1:36  Pylon  
  21  1:47  Probe  
  22  1:58  Warp Gate  
  22  1:59  Probe  
  23  2:14  Nexus  
  23  2:25  Stalker  
  25  2:32  Robotics Facility  
  25  2:38  Pylon  
  25  2:40  Probe  
  26  2:49  Gateway  
  26  3:00  Gateway  
  26  3:08  Probe  
  27  3:15  Pylon  
  27  3:16  Probe  
  28  3:20  Observer  
  28  3:22  Probe  
  28  3:24  Probe  
  30  3:30  Probe  
  31  3:34  Probe  
  34  3:41  Observer  
  34  3:46  Twilight Council  
  34  3:50  Stalker  
  34  3:54  Stalker  
  38  3:56  Probe  
  38  3:57  Probe  
  40  4:08  Probe  
  40  4:09  Probe  
  36  4:18  Stalker x2  
  36  4:21  Probe  
  36  4:22  Probe  
  36  4:23  Blink  
  41  4:33  Probe  
  41  4:34  Probe  
  43  4:45  Probe  
  44  4:51  Probe  
  45  4:57  Probe  
  46  5:03  Probe  
  46  5:04  Immortal  
  51  5:09  Probe  
  52  5:15  Probe  
  52  5:16  Stalker x2  
  52  5:17  Stalker  
  59  5:33  Pylon  
  59  5:34  Pylon  
  59  5:36  Probe x2  
  59  5:40  Forge  
  61  5:48  Probe  
  62  5:51  Robotics Bay  
  62  5:55  Probe, Gateway  
  63  5:58  Gateway  
  63  6:06  Assimilator  
  63  6:09  Probe x2  
  63  6:10  Assimilator  
  65  6:14  Pylon  
  65  6:21  Probe  
  66  6:29  Probe  
  66  6:30  Colossus  
  66  6:32  Protoss Ground Weapons Level 1, Extended Thermal Lance  
  67  6:33  Photon Cannon  
  67  6:34  Charge  
  67  6:37  Pylon  
  67  6:46  Probe x2  
  75  6:58  Probe  
  75  7:00  Zealot x2  
  75  7:01  Zealot  
  82  7:12  Colossus  
  84  7:32  Stalker x5  
  74  7:54  Nexus  
  74  7:57  Colossus  
  74  7:58  Pylon  
  74  8:06  Protoss Ground Weapons Level 2  
  80  8:20  Photon Cannon  
  80  8:22  Probe x2  
  80  8:24  Pylon  
  82  8:32  Forge  
  82  8:35  Pylon  
  82  8:39  Zealot x2  
  86  8:51  Colossus, Probe x2  
  94  8:55  Protoss Ground Armor Level 1  
  94  9:24  Assimilator  
  94  9:27  Assimilator  
  94  9:31  Pylon  
  94  9:32  Templar Archives  
  94  9:36  Gateway  
  94  9:39  Probe x2, Gateway  
  94  9:40  Probe  
  94  9:44  Colossus  
  103  9:48  Stalker x4  
  111  9:54  Probe x2  
  111  9:55  Probe  
  114  10:06  Probe  
  115  10:08  Observer  
  115  10:11  Stalker  
  115  10:12  Stalker x3  
  123  10:30  Photon Cannon  
  123  10:37  Protoss Ground Weapons Level 3  
  123  10:38  Stalker x6, Colossus  
  141  10:43  Protoss Ground Armor Level 2  
  141  10:44  Pylon  
  141  10:50  Pylon  
  141  10:53  Pylon  
  141  11:08  Pylon  
  140  11:12  Pylon  
  140  11:13  Stalker x3  
  140  11:14  Stalker  
  140  11:16  High Templar  
  140  11:17  High Templar  
  152  11:21  Archon  
  152  11:26  Stalker  
  142  11:59  Stalker x4  
  142  12:00  Stalker x3  
  156  12:22  Gateway  
  156  12:24  Gateway  
  156  12:25  Gateway  
  156  12:27  Gateway  
  156  12:28  Gateway x2  
  150  12:35  Pylon  
  150  12:45  Stalker x5  
  150  12:46  Stalker x2  
  164  12:54  Nexus  
  164  12:55  Protoss Ground Armor Level 3  
  164  12:57  Pylon  
  156  13:08  Protoss Shields Level 1  
  110  13:40  Stalker x2  
  110  13:41  Stalker x2  
  102  13:42  Stalker x4  
  102  13:43  Stalker x2  
  114  14:01  High Templar  
  114  14:02  High Templar  
  118  14:03  High Templar, Assimilator  
  118  14:04  High Templar  
  118  14:07  Assimilator  
  118  14:08  Archon  
  118  14:09  High Templar, Archon  
  124  14:10  High Templar  
  124  14:14  Pylon, Archon  
  124  14:16  High Templar x2  
  130  14:20  Archon  
  130  14:21  Stalker x2  
  130  14:22  Stalker x2  
  138  14:36  Stalker  
  138  14:37  Stalker x3  
  146  14:53  Photon Cannon  
  146  14:57  High Templar, Photon Cannon  
  146  14:58  High Templar, Photon Cannon  
  150  15:01  Photon Cannon  
  138  15:17  Archon  
  138  15:18  Stalker x2  
  138  15:19  Stalker x3  
  118  15:40  Stalker  
  118  15:41  Stalker x4  
  118  15:42  Stalker  
  122  15:55  High Templar x2  
  122  15:56  High Templar x2  
  130  15:57  Stalker x2  
  130  16:00  Archon  
  130  16:01  Archon  
  134  16:05  Observer  
  133  16:18  Stalker x4  
  135  16:19  Stalker, Observer  
  143  16:27  Probe  
  145  16:35  Probe  
  134  16:40  Stalker x4  
  134  16:41  Stalker  
  134  16:45  Probe  
  138  16:57  Probe  
  138  17:00  Stalker  
  138  17:01  Stalker x5  
Show
View Real Time Build Order
Export as new Build Order

OpuS Protoss - Winner!

Build Orders: 1 Gate Expand, Oracle Opening, Carriers 

Get SALT Encoding   

  12  0:01  Probe  
  13  0:13  Probe  
  14  0:20  Pylon  
  14  0:25  Probe  
  15  0:41  Gateway  
  15  0:45  Probe  
  16  0:51  Assimilator  
  16  0:56  Probe  
  16  1:04  Probe  
  18  1:12  Probe  
  19  1:34  Nexus  
  19  1:37  Probe  
  20  1:45  Cybernetics Core  
  20  1:55  Probe  
  21  2:01  Pylon  
  21  2:09  Probe  
  22  2:17  Warp Gate  
  22  2:21  Probe  
  23  2:24  Stargate  
  22  2:41  Probe  
  22  2:43  Assimilator  
  22  2:46  Adept  
  24  2:53  Gateway  
  24  2:58  Gateway  
  24  3:04  Probe x2  
  26  3:10  Oracle  
  26  3:22  Probe x2  
  32  3:34  Probe x2  
  32  3:36  Pylon  
  32  3:41  Stalker  
  33  3:46  Probe  
  33  3:47  Probe  
  37  3:55  Void Ray  
  37  3:58  Probe  
  37  3:59  Probe  
  41  4:23  Probe x2  
  43  4:24  Stalker x2  
  43  4:26  Stalker  
  46  4:35  Probe x2  
  46  4:37  Pylon  
  48  4:50  Probe x2  
  48  4:52  Stalker x2  
  54  4:56  Stalker  
  56  5:02  Probe x2  
  58  5:08  Assimilator  
  58  5:10  Assimilator  
  56  5:25  Twilight Council  
  56  5:30  Zealot x2  
  56  5:31  Zealot  
  62  5:36  Pylon  
  62  5:38  Pylon  
  62  5:40  Pylon  
  62  5:54  Probe x2  
  64  6:03  Nexus  
  64  6:06  Probe x2, Charge  
  64  6:07  Void Ray  
  70  6:13  Stargate  
  70  6:25  Probe  
  70  6:26  Probe  
  70  6:27  Pylon  
  72  6:35  Zealot  
  72  6:36  Zealot x2  
  78  6:59  Probe x2  
  80  7:02  Zealot x3  
  86  7:10  Fleet Beacon  
  86  7:12  Gateway  
  86  7:14  Gateway  
  86  7:16  Gateway  
  68  7:39  Probe x3  
  68  7:42  Zealot x3  
  71  7:50  Carrier x2  
  67  7:51  Probe  
  67  7:55  Protoss Air Weapons Level 1  
  80  8:07  Probe x3  
  80  8:10  Zealot x2  
  80  8:11  Zealot  
  89  8:13  Zealot  
  89  8:15  Zealot  
  93  8:29  Probe x3  
  93  8:31  Assimilator  
  96  8:36  Assimilator  
  96  8:38  Stargate  
  96  8:39  Stargate  
  96  8:41  Cybernetics Core, Probe  
  97  8:44  Zealot x2  
  97  8:46  Zealot  
  101  8:53  Forge  
  97  9:01  Carrier  
  97  9:04  Carrier  
  109  9:22  Protoss Shields Level 1  
  109  9:24  Pylon, Protoss Air Armor Level 1  
  109  9:27  Pylon  
  109  9:28  Probe x2  
  109  9:29  Pylon  
  109  9:40  Pylon  
  109  9:46  Zealot x3  
  109  9:51  Carrier  
  115  9:53  Gateway  
  115  9:57  Gateway  
  121  10:08  Carrier  
  121  10:11  Carrier  
  133  10:28  Protoss Air Weapons Level 2  
  133  10:31  Zealot  
  135  10:52  Carrier  
  139  11:10  Pylon  
  139  11:13  Pylon  
  139  11:16  Pylon  
  139  11:19  Nexus  
  139  11:28  Carrier  
  145  11:36  Carrier x2  
  121  11:47  Pylon  
  121  11:49  Pylon  
  109  12:01  Zealot x4  
  109  12:02  Zealot x4  
  125  12:13  Carrier  
  109  12:32  Carrier  
  115  12:37  Zealot x4  
  115  12:38  Zealot x2  
  119  12:57  Carrier  
  113  13:19  Carrier x2  
  119  13:23  Protoss Air Weapons Level 3  
  101  13:42  Protoss Shields Level 2  
  101  13:44  Carrier  
  107  13:49  Probe x3  
  107  13:50  Probe  
  111  14:01  Probe x3  
  114  14:09  Zealot  
  116  14:10  Zealot  
  116  14:11  Probe  
  116  14:13  Probe x2  
  121  14:22  Carrier  
  127  14:29  Carrier  
  133  14:44  Carrier  
  139  14:46  Probe  
  139  14:47  Probe x2  
  139  14:49  Assimilator  
  142  14:54  Assimilator  
  142  15:00  Void Ray  
  142  15:06  Stargate  
  146  15:09  Stargate  
  146  15:26  Void Ray  
  144  15:32  Void Ray  
  148  15:43  Void Ray  
  148  15:48  Void Ray  
  156  16:04  Nexus  
  156  16:09  Void Ray  
  160  16:15  Void Ray  
  164  16:30  Void Ray  
  164  16:31  Void Ray  
  176  16:55  Pylon  
  176  16:56  Pylon  
  176  16:58  Pylon  
Show
View Real Time Build Order
Export as new Build Order

Sketchaphone Zerg - Winner!

Build Orders: Hatch First, Lurkers 

Get SALT Encoding   

  12  0:01  Drone  
  13  0:12  Overlord  
  13  0:18  Drone  
  14  0:22  Extractor  
  14  0:23  Drone  
  15  0:31  Drone  
  15  0:34  Drone  
  17  0:56  Hatchery  
  16  1:00  Drone  
  17  1:04  Extractor  
  17  1:05  Drone  
  17  1:14  Drone  
  18  1:26  Spawning Pool  
  17  1:34  Drone  
  17  1:36  Drone  
  19  1:40  Drone  
  20  2:00  Overlord  
  20  2:14  Metabolic Boost  
  20  2:15  Queen  
  22  2:16  Overlord  
  22  2:20  Queen  
  24  2:29  Drone  
  25  2:33  Zergling x2  
  26  2:47  Baneling Nest  
  26  2:49  Drone x4  
  30  2:51  Drone  
  30  3:04  Queen  
  32  3:21  Zergling x4  
  32  3:24  Drone  
  35  3:35  Drone  
  35  3:39  Zergling x6  
  35  3:40  Zergling x2  
  40  3:43  Overlord  
  40  3:48  Overlord  
  40  3:57  Overlord  
  40  4:08  Hatchery  
  40  4:09  Zergling x6  
  43  4:10  Zergling x4  
  43  4:11  Zergling x6  
  47  4:18  Spine Crawler  
  46  4:25  Evolution Chamber  
  46  4:26  Zergling x4, Drone  
  48  4:33  Zergling x6  
  51  4:50  Baneling x4  
  51  4:51  Baneling x2  
  51  4:53  Zergling x6  
  51  4:59  Drone x3  
  57  5:05  Zergling x4  
  59  5:10  Overlord  
  59  5:26  Zerg Melee Weapons Level 1  
  59  5:28  Drone x4  
  63  5:46  Hatchery  
  63  5:49  Overlord  
  62  5:53  Lair  
  62  5:57  Spore Crawler  
  62  5:59  Drone x7, Extractor  
  62  6:03  Extractor  
  66  6:18  Zergling x8  
  70  6:21  Zergling x6  
  75  6:28  Zergling x8  
  79  6:44  Evolution Chamber  
  69  7:05  Zergling x20  
  76  7:13  Zergling x10  
  67  7:31  Zergling x6  
  67  7:32  Zergling x4  
  66  7:39  Zergling x4  
  66  7:43  Drone x2  
  69  7:45  Extractor  
  69  7:46  Zerg Melee Weapons Level 2, Zerg Ground Armor Level 1  
  69  7:50  Zergling x2  
  56  8:20  Drone x7  
  56  8:21  Drone x5  
  65  8:27  Hydralisk Den, Queen  
  65  8:30  Evolution Chamber  
  65  8:47  Overlord  
  65  8:49  Pneumatized Carapace  
  57  9:11  Zergling x2  
  58  9:21  Grooved Spines, Zerg Missile Weapons Level 1  
  58  9:27  Lurker Den, Zergling x6  
  58  9:28  Zergling x2  
  61  9:33  Queen  
  61  9:34  Queen x2, Hatchery  
  66  9:39  Zergling x4  
  66  9:43  Drone x2  
  70  9:50  Drone x2, Extractor  
  70  9:51  Drone  
  72  9:53  Overlord  
  72  9:54  Hydralisk x2  
  72  9:55  Hydralisk  
  72  9:56  Zerg Ground Armor Level 2  
  78  10:06  Infestation Pit, Baneling  
  78  10:07  Baneling, Hydralisk x2  
  77  10:08  Hydralisk x2  
  77  10:09  Zergling x4  
  87  10:19  Centrifical Hooks  
  87  10:27  Overseer  
  87  10:30  Overseer  
  87  10:32  Zergling x6  
  90  10:44  Muscular Augments  
  90  10:49  Hydralisk x3  
  94  10:53  Burrow  
  94  10:56  Zergling x4  
  98  11:06  Zergling x12  
  98  11:07  Overlord x2  
  104  11:25  Queen  
  104  11:32  Baneling  
  93  11:45  Lurker x2  
  93  11:46  Hydralisk x3  
  96  11:47  Infestor  
  96  11:48  Infestor  
  96  11:52  Zergling x22  
  103  11:59  Extractor  
  98  12:12  Infestor  
  98  12:13  Hydralisk  
  98  12:14  Hydralisk x3  
  107  12:16  Lurker  
  81  12:41  Hydralisk x5  
  82  12:50  Lurker  
  77  13:03  Hydralisk x8  
  84  13:16  Hydralisk  
  84  13:17  Hydralisk x2  
  69  13:30  Lurker  
  70  13:53  Hydralisk x5  
  80  14:00  Queen x2  
  84  14:18  Zergling x2  
  85  14:26  Hatchery  
  78  14:38  Zerg Missile Weapons Level 2  
  64  14:47  Hydralisk x3  
  64  14:49  Zergling x16  
  78  14:55  Zergling x4  
  80  15:06  Hydralisk x3  
  86  15:14  Lurker  
  87  15:23  Lurker  
  80  15:29  Hydralisk x4  
  80  15:34  Lurker  
  71  15:54  Zergling x10  
  71  15:55  Zergling x8  
  74  16:20  Zergling x14  
  81  16:28  Roach Warren  
  80  16:37  Zergling x8  
  84  16:42  Zergling x4  
  86  16:48  Hydralisk x2  
  86  16:51  Overseer  
Tags
 
Add a new tag
Caveats
  • Supply blocks, unpowered buildings, or Contaminate may cause inaccurate times.
  • Supply counts are checked every 10 seconds.